SR
STATEN ISLAND PIZZA RATS @ CROWLEY CAJUNS
08/29/2034
 
TOP OF THE 1ST
Staten Island Pizza Rats batting - Pitching for Crowley Cajuns : RHP David Silva
Pitching: RHP David Silva
Batting: LHB Wilson Sabadodíaz 0-0: Ball
1-0: Fly out, F8 (Flyball, 8LD)
Batting: RHB Curt Rovira 0-0: Swinging Strike
0-1: Ball
1-1: Ball
2-1: Ball
3-1: Foul Ball, location: 2F
3-2: Foul Ball, location: 2F
3-2: Foul Ball, location: 2F
3-2: Fly out, F7 (Flyball, 78S)
Batting: SHB Chris Piña 0-0: Called Strike
0-1: Swinging Strike
0-2: Ball
1-2: SINGLE (Flyball, 7S)
Batting: LHB Ismael Soto 0-0: Swinging Strike
0-1: Fly out, F8 (Flyball, 8RS)
Top of the 1st over - 0 runs, 1 hit, 0 errors, 1 left on base; Staten Island 0 - Crowley 0
BOTTOM OF THE 1ST
Crowley Cajuns batting - Pitching for Staten Island Pizza Rats : RHP Marnix de Jonge
Pitching: RHP Marnix de Jonge
Batting: RHB Lucas Winslade 0-0: Called Strike
0-1: Ball
1-1: Foul Ball, location: 2F
1-2: Foul Ball, location: 2F
1-2: Foul Ball, location: 2F
1-2: Strikes out swinging
Batting: RHB Steve Smith 0-0: Called Strike
0-1: Ball
1-1: Ball
2-1: Ball
3-1: Called Strike
3-2: Strikes out swinging, 2-3 out at first.
Batting: RHB Albert Seals 0-0: Called Strike
0-1: Foul Ball, location: 2F
0-2: Ground out 4-3 (Groundball, 34)
Bottom of the 1st over - 0 runs, 0 hits, 0 errors, 0 left on base; Staten Island 0 - Crowley 0
TOP OF THE 2ND
Staten Island Pizza Rats batting - Pitching for Crowley Cajuns : RHP David Silva
Batting: RHB Jack Lynch 0-0: Fly out, F8 (Flyball, 8LD)
Batting: LHB Puck Schit 0-0: Foul Ball, location: 2F
0-1: Swinging Strike
0-2: Ball
1-2: SINGLE (Flyball, 8LS) - OUT at second base trying to stretch hit.
Batting: RHB Albert McBride 0-0: Foul Ball, location: 2F
0-1: Foul Ball, location: 2F
0-2: Fly out, F7 (Flyball, 7S)
Top of the 2nd over - 0 runs, 1 hit, 0 errors, 0 left on base; Staten Island 0 - Crowley 0
BOTTOM OF THE 2ND
Crowley Cajuns batting - Pitching for Staten Island Pizza Rats : RHP Marnix de Jonge
Batting: LHB Stephen Goldobenko 0-0: SINGLE (Groundball, 4D)
Batting: RHB James Strickland 0-0: Swinging Strike
0-1: Ball
1-1: SINGLE (Line Drive, 6MD)
Stephen Goldobenko to second
Batting: RHB Vitorio Flores 0-0: Ball
1-0: Swinging Strike
1-1: Foul Ball, location: 2F
1-2: Foul Ball, location: 2F
1-2: Strikes out looking
Batting: SHB Reginald Gibson 0-0: Swinging Strike
0-1: Called Strike
0-2: Ball
1-2: Ball
2-2: Ball
3-2: Foul Ball, location: 2F
3-2: Foul Ball, location: 2F
3-2: Strikes out swinging
Batting: LHB Scott Fields 0-0: Foul Ball, location: 2F
0-1: SINGLE (Line Drive, 8LS)
Stephen Goldobenko to third
James Strickland to second
Batting: RHB Dusty Hunt 0-0: Ground out 1-3 (Groundball, P)
Bottom of the 2nd over - 0 runs, 3 hits, 0 errors, 3 left on base; Staten Island 0 - Crowley 0
TOP OF THE 3RD
Staten Island Pizza Rats batting - Pitching for Crowley Cajuns : RHP David Silva
Batting: RHB Jorge Japón 0-0: Fly out, F9 (Flyball, 9LM)
Batting: LHB Carlos Sánchez 0-0: Foul Ball, location: 2F
0-1: Fly out, F7 (Flyball, 78M)
Batting: LHB Wilson Sabadodíaz 0-0: Ball
1-0: Called Strike
1-1: Ball
2-1: Called Strike
2-2: Ball
3-2: SINGLE (Groundball, 6M) (infield hit)
Batting: RHB Curt Rovira 0-0: Ball
1-0: Swinging Strike
Passed Ball!
Wilson Sabadodíaz to second
1-1: Foul Ball, location: 2F
1-2: Foul Ball, location: 2F
1-2: Foul Ball, location: 2F
1-2: Strikes out swinging
Top of the 3rd over - 0 runs, 1 hit, 0 errors, 1 left on base; Staten Island 0 - Crowley 0
BOTTOM OF THE 3RD
Crowley Cajuns batting - Pitching for Staten Island Pizza Rats : RHP Marnix de Jonge
Batting: RHB Lucas Winslade 0-0: Ball
1-0: DOUBLE (Flyball, 89XD)
Batting: RHB Steve Smith 0-0: Called Strike
0-1: Ball
1-1: Ball
2-1: Ground out 4-3 (Groundball, 4M)
Lucas Winslade to third
Batting: RHB Albert Seals 0-0: Called Strike
0-1: Swinging Strike
0-2: Ball
1-2: Ball
2-2: Ball
Wild Pitch!
Lucas Winslade scores
3-2: SINGLE (Flyball, 8RS)
Batting: LHB Stephen Goldobenko 0-0: Ball
1-0: Grounds into double play, 4-6-3 (Groundball, 4)
Bottom of the 3rd over - 1 run, 2 hits, 0 errors, 0 left on base; Staten Island 0 - Crowley 1
TOP OF THE 4TH
Staten Island Pizza Rats batting - Pitching for Crowley Cajuns : RHP David Silva
Batting: SHB Chris Piña 0-0: Ball
1-0: Ball
2-0: Foul Ball, location: 2F
2-1: Swinging Strike
2-2: Strikes out swinging
Batting: LHB Ismael Soto 0-0: Ball
1-0: Called Strike
1-1: SINGLE (Groundball, 3) (infield hit)
Batting: RHB Jack Lynch 0-0: Called Strike
0-1: Ball
1-1: Ball
2-1: Fly out, F5 (Line Drive, 5)
Batting: LHB Puck Schit 0-0: Called Strike
0-1: Hit by Pitch
Ismael Soto to second
Batting: RHB Albert McBride 0-0: Ball
1-0: Fly out, F9 (Flyball, 9)
Top of the 4th over - 0 runs, 1 hit, 0 errors, 2 left on base; Staten Island 0 - Crowley 1
BOTTOM OF THE 4TH
Crowley Cajuns batting - Pitching for Staten Island Pizza Rats : RHP Marnix de Jonge
Batting: RHB James Strickland 0-0: Ball
1-0: Foul Ball, location: 2F
1-1: Foul Ball, location: 2F
1-2: Fly out, F7 (Flyball, 7D)
Batting: RHB Vitorio Flores 0-0: Foul Ball, location: 2F
0-1: Ball
1-1: Foul Ball, location: 2F
1-2: Foul Ball, location: 2F
1-2: Ball
2-2: Foul Ball, location: 2F
2-2: Foul Ball, location: 2F
2-2: Ball
3-2: Fly out, F4 (Popup, 4)
Batting: SHB Reginald Gibson 0-0: Swinging Strike
0-1: Foul Ball, location: 2F
0-2: Strikes out looking
Bottom of the 4th over - 0 runs, 0 hits, 0 errors, 0 left on base; Staten Island 0 - Crowley 1
TOP OF THE 5TH
Staten Island Pizza Rats batting - Pitching for Crowley Cajuns : RHP David Silva
Batting: RHB Jorge Japón 0-0: Ball
1-0: Ball
2-0: Ball
3-0: DOUBLE (Line Drive, 89D)
Batting: LHB Carlos Sánchez 0-0: Swinging Strike
0-1: Called Strike
0-2: SINGLE (Line Drive, 8LS)
Jorge Japón to third
Batting: LHB Wilson Sabadodíaz 0-0: Called Strike
0-1: SINGLE (Line Drive, 4MD)
Jorge Japón scores
Carlos Sánchez to second
Batting: RHB Curt Rovira 0-0: Ball
1-0: Bunted foul
1-1: Ball
2-1: Bunted foul
2-2: Grounds into double play, 5-4-3 (Groundball, 56)
Carlos Sánchez to third
Batting: SHB Chris Piña 0-0: Intentional Walk
Batting: LHB Ismael Soto 0-0: Called Strike
0-1: Ball
1-1: Ball
2-1: SINGLE (Groundball, 34D)
Carlos Sánchez scores
Chris Piña to second
Runner from 2nd tries for 3rd, SAFE, throw made to third
Batting: RHB Jack Lynch 0-0: Ball
1-0: Ball
2-0: Called Strike
2-1: Called Strike
2-2: Strikes out swinging
Top of the 5th over - 2 runs, 4 hits, 0 errors, 2 left on base; Staten Island 2 - Crowley 1
BOTTOM OF THE 5TH
Crowley Cajuns batting - Pitching for Staten Island Pizza Rats : RHP Marnix de Jonge
Batting: LHB Scott Fields 0-0: SINGLE (Line Drive, 8RS)
Batting: RHB Dusty Hunt 0-0: Sac Bunt - play at first, batter OUT! 1-4
Scott Fields to second
Batting: RHB Lucas Winslade 0-0: Ball
1-0: Fly out, F9 (Flyball, 89M)
Batting: RHB Steve Smith 0-0: Foul Ball, location: 2F
0-1: Called Strike
0-2: Foul Ball, location: 2F
0-2: Ball
1-2: Ball
2-2: Fly out, F8 (Flyball, 8LD)
Bottom of the 5th over - 0 runs, 1 hit, 0 errors, 1 left on base; Staten Island 2 - Crowley 1
TOP OF THE 6TH
Staten Island Pizza Rats batting - Pitching for Crowley Cajuns : RHP David Silva
Batting: LHB Puck Schit 0-0: SINGLE (Line Drive, 89S)
Batting: RHB Albert McBride 0-0: Ball
Puck Schit is caught stealing 2nd base
1-0: Foul Ball, location: 2F
1-1: Ball
2-1: SINGLE (Flyball, 89S)
Batting: RHB Jorge Japón 0-0: Called Strike
0-1: Called Strike
0-2: Strikes out looking
Batting: LHB Carlos Sánchez 0-0: DOUBLE (Line Drive, 89D)
Albert McBride to third
Runner from 3rd tries for Home, SAFE, no throw
Batting: LHB Wilson Sabadodíaz 0-0: Intentional Walk
Batting: RHB Curt Rovira 0-0: Foul Ball, location: 2F
0-1: SINGLE (Groundball, 34D)
Carlos Sánchez to third
Wilson Sabadodíaz to second
Throwing error, E9
Carlos Sánchez scores
Wilson Sabadodíaz to third
Curt Rovira to second
Batting: SHB Chris Piña 0-0: Intentional Walk
Batting: LHB Ismael Soto 0-0: Ball
1-0: Called Strike
1-1: Fly out, F7 (Flyball, 78D)
Top of the 6th over - 2 runs, 4 hits, 1 error, 3 left on base; Staten Island 4 - Crowley 1
BOTTOM OF THE 6TH
Crowley Cajuns batting - Pitching for Staten Island Pizza Rats : RHP Marnix de Jonge
Batting: RHB Albert Seals 0-0: Ball
1-0: Called Strike
1-1: SINGLE (Line Drive, 8LS)
Batting: LHB Stephen Goldobenko 0-0: Grounds into double play, 3-6-3 (Groundball, 3)
Batting: RHB James Strickland 0-0: Ground out 4-3 (Groundball, 4)
Bottom of the 6th over - 0 runs, 1 hit, 0 errors, 0 left on base; Staten Island 4 - Crowley 1
TOP OF THE 7TH
Staten Island Pizza Rats batting - Pitching for Crowley Cajuns : RHP David Silva
Batting: RHB Jack Lynch 0-0: Ground out 4-3 (Groundball, 4M)
Batting: LHB Puck Schit 0-0: Ground out 4-3 (Groundball, 4MS)
Batting: RHB Albert McBride 0-0: Ground out 4-3 (Groundball, 4M)
Top of the 7th over - 0 runs, 0 hits, 0 errors, 0 left on base; Staten Island 4 - Crowley 1
BOTTOM OF THE 7TH
Crowley Cajuns batting - Pitching for Staten Island Pizza Rats : RHP Marnix de Jonge
Batting: RHB Vitorio Flores 0-0: Ball
1-0: Ball
2-0: Called Strike
2-1: Ball
3-1: Foul Ball, location: 2F
3-2: Base on Balls
Batting: SHB Reginald Gibson 0-0: Ball
1-0: Ground out 4-3 (Groundball, 34D)
Vitorio Flores to second
Batting: LHB Scott Fields 0-0: Ball
1-0: Called Strike
1-1: Ball
2-1: Fly out, F7 (Flyball, 78S)
Batting: RHB Dusty Hunt 0-0: Fly out, F8 (Flyball, 8RM)
Bottom of the 7th over - 0 runs, 0 hits, 0 errors, 1 left on base; Staten Island 4 - Crowley 1
TOP OF THE 8TH
Staten Island Pizza Rats batting - Pitching for Crowley Cajuns : RHP David Silva
Batting: RHB Jorge Japón 0-0: Ground out 6-3 (Groundball, 56)
Batting: LHB Carlos Sánchez 0-0: Ball
1-0: Foul Ball, location: 2F
1-1: Foul Ball, location: 2F
1-2: SINGLE (Groundball, 6S) (infield hit)
Pitching: LHP Jesús Zúñiga
Batting: LHB Wilson Sabadodíaz 0-0: Called Strike
0-1: Ball
1-1: Ball
2-1: Swinging Strike
2-2: Ball
3-2: Strikes out swinging
Batting: RHB Curt Rovira 0-0: Called Strike
0-1: Ball
1-1: Called Strike
1-2: Fly out, F9 (Flyball, 9)
Top of the 8th over - 0 runs, 1 hit, 0 errors, 1 left on base; Staten Island 4 - Crowley 1
BOTTOM OF THE 8TH
Crowley Cajuns batting - Pitching for Staten Island Pizza Rats : RHP Marnix de Jonge
Now at 2B: Anastasio Colomo
Now in RF: António Reyes
Batting: RHB Lucas Winslade 0-0: Called Strike
0-1: Ball
1-1: Ball
2-1: Ground out 6-3 (Groundball, 6)
Batting: RHB Steve Smith 0-0: Ball
1-0: Swinging Strike
1-1: Ground out 6-3 (Groundball, 6)
Batting: RHB Albert Seals 0-0: Ball
1-0: Ball
2-0: Fly out, F8 (Flyball, 8RD)
Bottom of the 8th over - 0 runs, 0 hits, 0 errors, 0 left on base; Staten Island 4 - Crowley 1
TOP OF THE 9TH
Staten Island Pizza Rats batting - Pitching for Crowley Cajuns : LHP Jesús Zúñiga
Pitching: LHP Rens Verheijen
Batting: SHB Chris Piña 0-0: Ball
1-0: Foul Ball, location: 2F
1-1: Foul Ball, location: 2F
1-2: Foul Ball, location: 2F
1-2: Foul Ball, location: 2F
1-2: DOUBLE (Flyball, 89D)
Batting: LHB Ismael Soto 0-0: Ball
1-0: Ball
2-0: Called Strike
2-1: Foul Ball, location: 2F
2-2: Strikes out swinging
Batting: RHB Jack Lynch 0-0: Intentional Walk
Batting: LHB Puck Schit 0-0: Ball
1-0: SINGLE (Line Drive, 8RS)
Chris Piña to third
Jack Lynch to second
Batting: RHB Albert McBride 0-0: Foul Ball, location: 2F
0-1: Called Strike
0-2: Foul Ball, location: 2F
0-2: Ball
1-2: SINGLE (Line Drive, 4MD)
Chris Piña scores
Jack Lynch to third
Puck Schit to second
Batting: RHB Jorge Japón 0-0: Foul Ball, location: 2F
0-1: Foul Ball, location: 2F
0-2: Strikes out swinging
Batting: LHB Carlos Sánchez 0-0: SINGLE (Groundball, 4MD)
Jack Lynch scores
Puck Schit to third
Albert McBride to second
Runner from 3rd tries for Home, SAFE, no throw
Batting: RHB António Reyes 0-0: Called Strike
0-1: Ball
1-1: Ball
2-1: Ground out 4-3 (Groundball, 4)
Top of the 9th over - 3 runs, 4 hits, 0 errors, 2 left on base; Staten Island 7 - Crowley 1
BOTTOM OF THE 9TH
Crowley Cajuns batting - Pitching for Staten Island Pizza Rats : RHP Marnix de Jonge
Batting: LHB Stephen Goldobenko 0-0: Ball
1-0: Ball
2-0: Foul Ball, location: 2F
2-1: Ball
3-1: Called Strike
3-2: Fly out, F7 (Flyball, 7S)
Batting: RHB James Strickland 0-0: Ball
1-0: Ball
2-0: Ball
3-0: Called Strike
3-1: Foul Ball, location: 2F
3-2: Fly out, F7 (Flyball, 7D)
Batting: RHB Vitorio Flores 0-0: Ball
1-0: Ball
2-0: Ball
3-0: Called Strike
3-1: Foul Ball, location: 2F
3-2: Fly out, F5 (Popup, 56S)
Bottom of the 9th over - 0 runs, 0 hits, 0 errors, 0 left on base; Staten Island 7 - Crowley 1
Friday, March 29th, 2019 - OOTP Baseball 18.8 Build 76